[Event "Vojvodina Open 2024-A 2024"]
[Site "Novi Sad"]
[Date "2024.06.26"]
[Round "3.1"]
[White "Kalinin, Alexander"]
[Black "Safarli, Eltaj"]
[Result "0-1"]
[ECO "E51"]
[WhiteElo "2459"]
[BlackElo "2595"]
[Annotator "TA"]
[PlyCount "68"]
[EventDate "2024.06.03"]
[EventType "swiss"]
[EventCountry "SRB"]
[SourceTitle "playchess.com"]
[Source "ChessBase"]
[SourceQuality "1"]
[TimeControl "40/5400+30:900+30"]

1. d4 Nf6 2. Nf3 e6 3. c4 d5 4. Nc3 Bb4 5. e3 O-O 6. Bd3 dxc4 7. Bxc4 b6 8. O-O Bb7 9. Qe2 Nbd7 {[%emt 0:02:36] White has an edge.} 10. Rd1 Qe7 11. a3 Bxc3 12. bxc3 Ne4 13. Bb2 Nd6 14. Bd3 e5 {[%emt 0:00:48] ...e4 is the strong threat.} 15. dxe5 Nxe5 16. Nxe5 Qxe5 17. c4 Qg5 18. f3 Rfe8 19. e4 Ba6 20. Rac1 Nb7 21. Qf2 Rad8 22. Bf1 $1 Nc5 23. Rd5 Rxd5 24. cxd5 {[%emt 0:00:00] Strongly threatening Rxc5.} Bxf1 25. Rxf1 Nd3 26. Qe2 (26. Qc2 $11 {keeps the balance.} Nxb2 27. Qxb2) 26... Qxd5 $17 {[%emt 0:02:31] Black is much more active.} 27. Qc2 {[%emt 0:00:00] [#] Against Qb3} (27. Rd1 $17 Qc5+ 28. Kf1 Nxb2 29. Qxb2) 27... Qc5+ $1 $19 28. Qxc5 bxc5 {[%emt 0:01:45][%mdl 4096] Endgame. KRB-KRN} ({But not} 28... Nxc5 29. Rd1) 29. Bc3 {[%emt 0:00:00] [#]} Rb8 {[%emt 0:00:15] Wards off Rb1} 30. Rd1 c4 31. a4 Rb3 32. Be5 (32. Be1 {is tougher.}) 32... Kf8 {[%emt 0:03:07] Black is clearly winning.} ({Weaker is} 32... Nxe5 33. Rd8#) 33. Bxc7 {[%emt 0:00:00] [#]} c3 $1 34. Rxd3 (34. Rf1 c2) 34... c2 {[%emt 0:00:07] Weighted Error Value: White=0.46/Black=0.02 (flawless) .  Mistake:       	White=3     	---        Inaccurate:     	White=1     	---        OK:         	White=9     	Black=13     Best:        	White=1     	Black=4      Strong:       	White=1     	---} 0-1

[Event "Vojvodina Open 2024-A 2024"]
[Site "Novi Sad"]
[Date "2024.06.26"]
[Round "3.2"]
[White "Durucay, Uygar"]
[Black "Narayanan, Srinath"]
[Result "0-1"]
[ECO "A43"]
[WhiteElo "2026"]
[BlackElo "2533"]
[Annotator "TA"]
[PlyCount "62"]
[EventDate "2024.06.03"]
[EventType "swiss"]
[EventCountry "SRB"]
[SourceTitle "playchess.com"]
[Source "ChessBase"]
[SourceQuality "1"]
[TimeControl "40/5400+30:900+30"]

1. d4 e6 2. Nf3 c5 3. c3 Nc6 4. Bf4 Qb6 5. Qd2 Nf6 6. e3 $1 Nh5 7. Bg3 Nxg3 8. hxg3 {[%emt 0:00:42] Black has an edge.} d5 9. Bd3 g6 10. Qc2 Bg7 11. Nbd2 O-O 12. O-O Bd7 13. dxc5 Qxc5 14. e4 Rac8 15. Nb3 Qb6 16. exd5 {[%emt 0:05:40] [#]} ({White should play} 16. Qe2 $15) 16... Nb4 $1 $19 17. Qe2 (17. Qb1 Nxd3) 17... Nxd3 18. Qxd3 Bb5 19. Qe4 exd5 20. Qxd5 Rcd8 21. Qg5 Bxf1 22. Rxf1 Rfe8 23. Nfd4 {[%emt 0:00:36] Inhibits Re2. This costs White the game.} (23. Rb1 $17) 23... Bxd4 24. cxd4 Re2 25. Rd1 Rde8 (25... Rxb2 26. Nc5 $19) 26. Nc5 Qb5 {[%emt 0:07:11] [#] Against Nd7. ...Re1+ would now be deadly.} ({Not} 26... Rxb2 27. Nd7 Qd8 28. Nf6+ Kg7 (28... Kh8 29. Qc1 $11) 29. Nxe8+ Qxe8 30. a3 $15) 27. Qf4 $2 (27. Qh4) 27... Re1+ 28. Rxe1 Rxe1+ 29. Kh2 b6 {[%emt 0:00:52] Black is clearly winning.} ({And not} 29... Qxb2 30. Nd3 Qe2 31. Nxe1 Qxe1 32. d5 $16) 30. Qb8+ Re8 31. Qb7 Qe2 {[%emt 0:01:04] Weighted Error Value: White=0.64/Black=0.01 (flawless) .  Loses game:     	White=1     	---        Mistake:       	White=2     	---        Inaccurate:     	White=2     	---        OK:         	White=4     	Black=12     Best:        	White=1     	Black=2      Brilliant:      	---       	Black=1} 0-1

[Event "Vojvodina Open 2024-A 2024"]
[Site "Novi Sad"]
[Date "2024.06.26"]
[Round "3.3"]
[White "Ljepic, Andrej"]
[Black "Bryakin, Mikhail"]
[Result "1/2-1/2"]
[ECO "B12"]
[WhiteElo "2267"]
[BlackElo "2469"]
[Annotator "TA"]
[PlyCount "190"]
[EventDate "2024.06.03"]
[EventType "swiss"]
[EventCountry "SRB"]
[SourceTitle "playchess.com"]
[Source "ChessBase"]
[SourceQuality "1"]
[TimeControl "40/5400+30:900+30"]

1. e4 c6 2. d4 d5 3. e5 Bf5 4. h4 h5 5. Bd3 Qd7 6. Ne2 {[%emt 0:03:28] B12: Caro-Kann: Advance Variation.} Nh6 7. Nf4 $146 ({Predecessor:} 7. Bxh6 Rxh6 8. Bxf5 Qxf5 9. Ng3 Qg6 10. Nd2 Na6 11. c3 O-O-O 12. Nf3 c5 13. a3 {0-1 Da Fonseca Pinto,J (1762)-Casalaspro,M (2060) Pan American-ch U20 2023 (5.14)}) 7... g6 8. Bxf5 Qxf5 9. Qe2 Na6 10. c3 Nc7 11. Na3 Bg7 12. Nc2 Qd7 13. e6 Nxe6 14. Nxe6 Qxe6 15. Qxe6 fxe6 16. Bxh6 Bxh6 17. g3 Bg7 18. f4 c5 19. O-O-O b6 20. Rh2 Kf7 21. Kb1 Rac8 22. Ne3 Rc6 23. Re2 Bf6 24. a3 Rhc8 25. Nc2 a5 26. Rd3 b5 27. Red2 Bg7 28. b4 cxb4 29. cxb4 axb4 30. axb4 Rc4 31. Kb2 Ra8 32. Kb3 Ra6 33. Kb2 Bf8 34. Kb3 Ra4 35. Rc3 Bg7 36. Rcd3 Ke8 37. Re2 Kd7 38. Red2 Bf8 39. Rc3 Ra6 40. Rcd3 Ra8 41. Rf3 Bg7 42. Rfd3 Bh6 43. Re3 Bg7 44. Red3 e5 45. dxe5 e6 46. Rd4 Bf8 47. Rd1 Be7 (47... Ra7 {feels hotter.} 48. Na3 Kc6 49. Nc2 Be7) 48. Rxc4 (48. Na3 $1 $15 Kc6 (48... Rxd4 49. Rxd4 Ra6 50. Nc2 $11) 49. Nc2) 48... bxc4+ $17 49. Kc3 Ra2 50. Rd2 Bd8 51. Rg2 Ke7 52. Re2 Bb6 53. Rg2 Ke8 (53... Ra8 $142 54. Rh2 Kd8) 54. Re2 (54. g4 $142) 54... Ra8 $17 55. Rg2 Ke7 56. Re2 Kd7 57. Rg2 Kc6 58. g4 (58. Re2 $17) 58... Rf8 $1 $19 59. gxh5 gxh5 (59... Rxf4 $2 {too greedy.} 60. hxg6 (60. Rxg6 $2 Kb5 $19) 60... Bc7 (60... Rxh4 $2 61. g7 $18) 61. Nd4+ Kd7 62. g7 Bxe5 63. g8=Q $18 (63. g8=R Bxd4+ 64. Kd2 Rf1 $17)) 60. Rg6 Kd7 $1 (60... Rxf4 61. Rxe6+ Kc7 62. Rd6 $17) 61. Rg7+ Kc8 $1 62. Re7 Rxf4 63. Rxe6 {[%emt 0:00:03] [#]} Rf3+ $2 (63... Bc7 $1 $19 {[%cal Oc8d7] Hoping for ...Kd7!} 64. Kd2 Rxh4) 64. Kb2 $2 {[%emt 0:00:42] [#]} (64. Kd2 $11 Rd3+ 65. Ke2) 64... Rb3+ $2 (64... Bc7 $1 $19 {Threatens to win with ...Kd7.} 65. Nd4 Kd7 66. Nxf3 Kxe6 67. Ng5+ Kxe5) 65. Kc1 $11 Bc7 66. Rc6 Kb7 67. Rc5 Rd3 68. Ne1 Re3 69. Kd2 $1 Rxe5 70. Nf3 Rf5 71. Nd4 Bf4+ 72. Kd1 $1 Re5 73. Nc6 $1 Re4 74. Na5+ $1 Kb6 75. Rxd5 c3 76. Kc2 Bg3 77. Rxh5 Be1 78. Re5 Rxh4 (78... Rxe5 $11 79. Nc4+ Kb5 80. Nxe5 Bxh4) 79. Rxe1 $14 Rxb4 80. Nb3 ({Don't play} 80. Kxc3 Kxa5 81. Re8 Rb5 $11) 80... Rh4 81. Kxc3 Kc6 82. Re5 Kd6 83. Rg5 Rh3+ 84. Kc4 Rh1 85. Rd5+ Ke6 86. Nd4+ Kf6 87. Rf5+ Ke7 88. Kd5 Rd1 89. Rf3 Rd2 90. Re3+ Kd7 91. Ra3 Rd1 92. Ra7+ Kd8 93. Ke5 Rd2 94. Nc6+ Kc8 95. Ke6 ({Better is} 95. Nb4 $14) 95... Rd6+ $1 1/2-1/2

[Event "Vojvodina Open 2024-A 2024"]
[Site "Novi Sad"]
[Date "2024.06.26"]
[Round "3.4"]
[White "Manish Anto Cristiano F"]
[Black "Harshavardhan G B"]
[Result "1/2-1/2"]
[ECO "E16"]
[WhiteElo "2307"]
[BlackElo "2433"]
[Annotator "TA"]
[PlyCount "68"]
[EventDate "2024.06.03"]
[EventType "swiss"]
[EventCountry "SRB"]
[SourceTitle "playchess.com"]
[Source "ChessBase"]
[SourceQuality "1"]
[TimeControl "40/5400+30:900+30"]

1. d4 Nf6 2. c4 e6 3. Nf3 Bb4+ 4. Bd2 c5 5. Bxb4 cxb4 6. g3 b6 7. Bg2 Bb7 8. O-O O-O 9. a3 bxa3 10. Rxa3 Nc6 11. Nc3 d5 12. Ne5 a5 {[%emt 0:00:00] White is slightly better.} 13. e3 Rc8 14. cxd5 Nxd5 15. Nxd5 exd5 16. Nxc6 Rxc6 17. Qb1 Qd6 {[%emt 0:00:00] Repels b4} 18. Rc1 Rfc8 19. Rxc6 Rxc6 20. h4 g6 21. Ra1 Rc8 22. b4 Qxb4 (22... axb4 $5 23. Qb2 h6 $11) 23. Qxb4 axb4 $11 {[%emt 0:00:00][%mdl 4096] Endgame. KRB-KRB} 24. Rb1 Bc6 25. Rxb4 b5 26. Rb1 {[%emt 0:01:34] aiming for Rc1.} Rb8 27. Kf1 {[%emt 0:00:32] White is more active.} Kf8 28. Ke1 Ke7 29. Kd2 (29. Ra1 $16) 29... Ra8 $1 {[%emt 0:00:00] The position is equal.} 30. Kc2 Ra2+ 31. Rb2 Ra1 32. Rb1 Ra2+ 33. Rb2 Ra1 34. Rb1 Ra2+ {[%emt 0:00:00] Weighted Error Value: White=0.11 (very precise) /Black=0.08 (flawless) .  Mistake:       	White=1     	---        Inaccurate:     	White=1     	Black=1      OK:         	White=10    	Black=8      Best:        	---       	Black=1      Strong:       	---       	Black=1} 1/2-1/2

[Event "Vojvodina Open 2024-A 2024"]
[Site "Novi Sad"]
[Date "2024.06.26"]
[Round "3.5"]
[White "Sedlak, Nikola"]
[Black "Ivanov, Mikhail M"]
[Result "1-0"]
[ECO "A34"]
[WhiteElo "2426"]
[BlackElo "2248"]
[Annotator "RC"]
[PlyCount "71"]
[EventDate "2024.06.03"]
[EventType "swiss"]
[EventCountry "SRB"]
[SourceTitle "playchess.com"]
[Source "ChessBase"]
[SourceQuality "1"]
[TimeControl "40/5400+30:900+30"]

1. Nf3 Nf6 2. c4 c5 3. Nc3 e6 4. e4 Nc6 5. Be2 e5 6. O-O d6 7. a3 g6 8. b4 Bg7 9. bxc5 dxc5 10. d3 O-O 11. Nd5 Nd7 12. Bg5 f6 13. Bd2 Rf7 14. h4 h5 15. a4 Nf8 16. a5 Ne6 17. Re1 g5 18. Nh2 g4 19. Nf1 Ncd4 20. Ng3 Nxe2+ 21. Qxe2 Nd4 22. Qd1 Bh8 23. Be3 Rh7 24. Bxd4 cxd4 25. Re2 Bg7 26. Rb2 Bf8 27. Rab1 Kh8 28. Rb5 Rb8 29. R1b2 Be6 30. Qb1 f5 31. exf5 Bxd5 32. cxd5 Qxh4 33. Rxb7 Rbxb7 34. Rxb7 Rxb7 35. Qxb7 Qg5 36. Qf7 1-0

[Event "Vojvodina Open 2024-A 2024"]
[Site "Novi Sad"]
[Date "2024.06.26"]
[Round "3.6"]
[White "Drazic, Sinisa"]
[Black "Harsh Suresh"]
[Result "0-1"]
[ECO "C68"]
[WhiteElo "2263"]
[BlackElo "2426"]
[Annotator "RC"]
[PlyCount "98"]
[EventDate "2024.06.03"]
[EventType "swiss"]
[EventCountry "SRB"]
[SourceTitle "playchess.com"]
[Source "ChessBase"]
[SourceQuality "1"]
[TimeControl "40/5400+30:900+30"]

1. e4 e5 2. Nf3 Nc6 3. Bb5 a6 4. Bxc6 dxc6 5. d3 f6 6. Be3 c5 7. Nbd2 Be6 8. Qe2 Qd7 9. a3 b6 10. c3 Bd6 11. h3 Ne7 12. d4 cxd4 13. cxd4 exd4 14. Nxd4 Bf7 15. O-O c5 16. Nf5 Nxf5 17. exf5 O-O 18. Qg4 h5 19. Qf3 Be5 20. Rad1 Qb5 21. Ne4 Rad8 22. Ng3 Bc4 23. Rfe1 h4 24. a4 Qb4 25. Nh5 Bd5 26. Qe2 Qc4 27. Qxc4 Bxc4 28. a5 Rxd1 29. Rxd1 Be2 30. Rd7 Bxh5 31. axb6 Be8 32. Rd2 Bc6 33. Bxc5 Re8 34. Be3 Be4 35. f4 Bb8 36. Bf2 Bxf5 37. Rd4 Kf7 38. Bxh4 Re4 39. Rd8 Bxf4 40. Bf2 Rb4 41. g4 Be6 42. Bc5 Rxb2 43. Rf8+ Kg6 44. Re8 Bd5 45. Rd8 Be4 46. h4 Bg3 47. h5+ Kh7 48. Kf1 Bg2+ 49. Kg1 Bf3 0-1

[Event "Vojvodina Open 2024-A 2024"]
[Site "Novi Sad"]
[Date "2024.06.26"]
[Round "3.7"]
[White "Rupesh Reddy Y"]
[Black "Tippa, Aswath Srisai"]
[Result "1/2-1/2"]
[ECO "A61"]
[WhiteElo "1807"]
[BlackElo "1647"]
[Annotator "NA RC"]
[PlyCount "142"]
[EventDate "2024.06.03"]
[EventType "swiss"]
[EventCountry "SRB"]
[SourceTitle "playchess.com"]
[Source "ChessBase"]
[SourceQuality "1"]
[TimeControl "40/5400+30:900+30"]

1. d4 Nf6 2. c4 c5 3. d5 e6 4. Nc3 exd5 5. cxd5 d6 6. Nf3 g6 7. h3 Bg7 8. Bf4 O-O 9. e3 a6 10. a4 Ne8 11. Be2 Nd7 12. O-O Ne5 13. e4 Nxf3+ 14. Bxf3 f5 15. exf5 Bxf5 16. Qd2 Qf6 17. Bg5 Qf7 18. Rae1 Nf6 19. Re2 Rae8 20. Rfe1 Rxe2 21. Rxe2 Re8 22. Bf4 Bf8 23. Qe1 Bd7 24. Bg5 Bg7 25. Bf4 Qf8 26. Bg5 b5 27. Bxf6 Bxf6 28. Bg4 Bxc3 29. Bxd7 Bxe1 30. Rxe8 Bxf2+ 31. Kf1 Bd4+ 32. Rxf8+ Kxf8 33. axb5 axb5 34. b3 b4 35. Bb5 Ke7 36. Ke2 Kf6 37. Kf3 Ke5 38. Bc4 h5 39. Ke2 Ke4 40. Kd2 Be3+ 41. Ke2 Kd4 42. Kf3 Bc1 43. Kf2 Ke4 44. Ke2 g5 45. Kf2 Bb2 46. Ke2 Kf4 47. Bd3 Ke5 48. Bc4 Ke4 49. Kd2 Kd4 50. Ke2 Kc3 51. Ke3 Bc1+ 52. Ke2 g4 53. hxg4 hxg4 54. Kf2 Bf4 55. Ke2 Kc2 56. Ke1 Kc3 57. Ke2 Kd4 58. Kf2 Ke4 59. Ke2 Be3 60. Kf1 Kf4 61. Bd3 Bd4 62. Ke2 Bc3 63. Kf2 g3+ 64. Ke2 Ke5 65. Bc4 Ke4 66. Kf1 Ke3 67. Kg1 Kd2 68. Kf1 Kd1 69. Be2+ Kd2 70. Bc4 Bd4 71. Bb5 Bf2 1/2-1/2

[Event "Vojvodina Open 2024-A 2024"]
[Site "Novi Sad"]
[Date "2024.06.26"]
[Round "3.8"]
[White "Pantelic, Sasa"]
[Black "Popovic, Milan S"]
[Result "1/2-1/2"]
[ECO "E81"]
[WhiteElo "2237"]
[BlackElo "2374"]
[Annotator "RC"]
[PlyCount "58"]
[EventDate "2024.06.03"]
[EventType "swiss"]
[EventCountry "SRB"]
[SourceTitle "playchess.com"]
[Source "ChessBase"]
[SourceQuality "1"]
[TimeControl "40/5400+30:900+30"]

1. d4 Nf6 2. c4 g6 3. Nc3 Bg7 4. e4 d6 5. f3 O-O 6. Be3 a6 7. Qd2 Nbd7 8. Nge2 b5 9. cxb5 axb5 10. Nxb5 c6 11. Nbc3 e5 12. d5 Nb6 13. dxc6 Nc4 14. Qc1 Nxe3 15. Qxe3 d5 16. exd5 Nxd5 17. Nxd5 Qxd5 18. Nc3 Qa5 19. Be2 Rb8 20. O-O Rxb2 21. Rab1 Rc2 22. Rfc1 Rxc1+ 23. Rxc1 Qa3 24. Bc4 e4 25. fxe4 Bd4 26. Qxd4 Qxc1+ 27. Kf2 Qf4+ 28. Kg1 Qc1+ 29. Kf2 Qf4+ 1/2-1/2

[Event "Vojvodina Open 2024-A 2024"]
[Site "Novi Sad"]
[Date "2024.06.26"]
[Round "3.9"]
[White "Kushagra Mohan"]
[Black "Masic, Predrag"]
[Result "1-0"]
[ECO "B00"]
[WhiteElo "2367"]
[BlackElo "2176"]
[Annotator "RC"]
[PlyCount "159"]
[EventDate "2024.06.03"]
[EventType "swiss"]
[EventCountry "SRB"]
[SourceTitle "playchess.com"]
[Source "ChessBase"]
[SourceQuality "1"]
[TimeControl "40/5400+30:900+30"]

1. e4 Nc6 2. Nf3 d6 3. d4 Nf6 4. Nc3 Bg4 5. d5 Nb8 6. Be2 g6 7. O-O Bg7 8. h3 Bxf3 9. Bxf3 O-O 10. a4 a5 11. Be3 Nbd7 12. Qd2 c6 13. Rad1 Qc7 14. Rfe1 Nb6 15. Be2 Rfe8 16. Bd4 Rac8 17. Bf1 Nfd7 18. Bxg7 Kxg7 19. Qd4+ Kg8 20. f4 cxd5 21. exd5 Qc5 22. Bb5 Kf8 23. Re2 Red8 24. Ne4 Qxd4+ 25. Rxd4 Nc5 26. Ng5 h6 27. Nf3 e6 28. c4 Rc7 29. g4 Re7 30. dxe6 Rxe6 31. Rc2 Re3 32. Kg2 Rd3 33. Rxd3 Nxd3 34. Kg3 Nc5 35. Nd4 Nbxa4 36. f5 Ne4+ 37. Kf4 Nac5 38. fxg6 fxg6 39. Re2 Nf6 40. h4 Kf7 41. g5 hxg5+ 42. hxg5 Nh5+ 43. Kg4 Rf8 44. Re3 Ng7 45. Rf3+ Ke7 46. Re3+ Kd8 47. Rh3 Nh5 48. Rf3 Ke7 49. Re3+ Kf7 50. Ne2 Ng7 51. Nd4 Nge6 52. Nxe6 Nxe6 53. c5 Nxc5 54. Bc4+ Kg7 55. Re7+ Kh8 56. Bf7 Rd8 57. Bxg6 Rd7 58. Re8+ Kg7 59. Bf5 Rc7 60. g6 d5 61. Kg5 Ne4+ 62. Kf4 Nf6 63. Re6 Ng8 64. Ke5 Rc5 65. Bd3 Rc7 66. Kd6 Rc6+ 67. Ke5 Rc7 68. Kxd5 Nf6+ 69. Ke5 Rc5+ 70. Kd4 Rc7 71. Rd6 Nd7 72. Rd5 b6 73. Rd6 Kh6 74. Bf5 Nc5 75. Rxb6 a4 76. Rb4 Kg5 77. Rc4 Nb3+ 78. Kc3 Ra7 79. Bc2 Na1 80. Rxa4 1-0

[Event "Vojvodina Open 2024-A 2024"]
[Site "Novi Sad"]
[Date "2024.06.26"]
[Round "3.10"]
[White "Pranav K P"]
[Black "Rohit S"]
[Result "1/2-1/2"]
[ECO "E51"]
[WhiteElo "2223"]
[BlackElo "2359"]
[Annotator "RC"]
[PlyCount "62"]
[EventDate "2024.06.03"]
[EventType "swiss"]
[EventCountry "SRB"]
[SourceTitle "playchess.com"]
[Source "ChessBase"]
[SourceQuality "1"]
[TimeControl "40/5400+30:900+30"]

1. d4 Nf6 2. c4 e6 3. Nc3 Bb4 4. e3 O-O 5. Bd2 d5 6. Nf3 b6 7. cxd5 exd5 8. Rc1 c5 9. a3 Bxc3 10. Bxc3 c4 11. g3 b5 12. Bg2 Ne4 13. O-O a5 14. Nd2 Nxc3 15. Rxc3 Bb7 16. e4 Ra6 17. a4 b4 18. Rc1 dxe4 19. Nxe4 Bd5 20. Qh5 f5 21. Nc5 Bxg2 22. Kxg2 Rc6 23. Rfd1 Qd5+ 24. Qf3 Rd8 25. Qxd5+ Rxd5 26. Rxc4 Nd7 27. Rdc1 Nb6 28. R4c2 Rxd4 29. Nb7 Rxc2 30. Rxc2 b3 31. Rc3 Rb4 1/2-1/2

[Event "Vojvodina Open 2024-A 2024"]
[Site "Novi Sad"]
[Date "2024.06.26"]
[Round "3.11"]
[White "Antic, Dejan"]
[Black "Arvind Ramnath Iyer"]
[Result "1/2-1/2"]
[ECO "E94"]
[WhiteElo "2353"]
[BlackElo "1872"]
[Annotator "RC"]
[PlyCount "75"]
[EventDate "2024.06.03"]
[EventType "swiss"]
[EventCountry "SRB"]
[SourceTitle "playchess.com"]
[Source "ChessBase"]
[SourceQuality "1"]
[TimeControl "40/5400+30:900+30"]

1. Nf3 Nf6 2. c4 g6 3. Nc3 Bg7 4. e4 d6 5. d4 O-O 6. Be2 e5 7. O-O exd4 8. Nxd4 Re8 9. f3 c6 10. Kh1 Nbd7 11. Bg5 Qb6 12. Nb3 a5 13. Qd2 a4 14. Be3 Qd8 15. Nd4 Nc5 16. Rad1 Nfd7 17. g4 Qb6 18. Rg1 a3 19. Nf5 Qxb2 20. Nxg7 Qxd2 21. Rxd2 Kxg7 22. Rxd6 Na4 23. Nxa4 Rxa4 24. Rgd1 Ne5 25. Rd8 Rxd8 26. Rxd8 Be6 27. Bd4 f6 28. g5 Nd7 29. f4 Kf7 30. f5 gxf5 31. exf5 Bxf5 32. Bh5+ Ke7 33. Re8+ Kd6 34. Bxf6 Rxc4 35. Be7+ Kc7 36. Bd8+ Kd6 37. Be7+ Kc7 38. Bd8+ 1/2-1/2

[Event "Vojvodina Open 2024-A 2024"]
[Site "Novi Sad"]
[Date "2024.06.26"]
[Round "3.12"]
[White "Yalcinkaya, Efe"]
[Black "Ashvath Mittal"]
[Result "1-0"]
[ECO "B99"]
[WhiteElo "2070"]
[BlackElo "1986"]
[Annotator "RC"]
[PlyCount "101"]
[EventDate "2024.06.03"]
[EventType "swiss"]
[EventCountry "SRB"]
[SourceTitle "playchess.com"]
[Source "ChessBase"]
[SourceQuality "1"]
[TimeControl "40/5400+30:900+30"]

1. e4 c5 2. Nf3 d6 3. d4 cxd4 4. Nxd4 Nf6 5. Nc3 a6 6. Bg5 e6 7. f4 Be7 8. Qf3 Qc7 9. O-O-O Nbd7 10. g4 b5 11. Bxf6 Nxf6 12. g5 Nd7 13. f5 Bxg5+ 14. Kb1 Ne5 15. Qh5 Bf6 16. fxe6 g6 17. Nd5 Qd8 18. Qe2 Bxe6 19. Nxe6 fxe6 20. Nf4 Qe7 21. Bh3 O-O 22. Bxe6+ Kh8 23. Bd5 Nc4 24. Bxc4 bxc4 25. Nd5 Qe5 26. Nxf6 Rab8 27. c3 Rxf6 28. Qxc4 Rf2 29. b3 Re8 30. Rd5 Qxe4+ 31. Qxe4 Rxe4 32. Rxd6 a5 33. Ra6 Re5 34. Ra7 Ree2 35. Rxa5 Kg7 36. c4 Kf6 37. h4 h6 38. c5 g5 39. c6 g4 40. Ra6 Rb2+ 41. Ka1 Rbc2 42. c7+ Ke5 43. Re1+ Kf4 44. Rf6+ Kg3 45. Rg1+ Rg2 46. Rxg2+ Kxg2 47. Rf4 Rxc7 48. Rxg4+ Kh3 49. Rc4 Rg7 50. a4 h5 51. a5 1-0

[Event "Vojvodina Open 2024-A 2024"]
[Site "Novi Sad"]
[Date "2024.06.26"]
[Round "3.13"]
[White "Gur, Ali"]
[Black "Leskur, Dejan"]
[Result "1-0"]
[ECO "B07"]
[WhiteElo "1968"]
[BlackElo "2227"]
[Annotator "RC"]
[PlyCount "81"]
[EventDate "2024.06.03"]
[EventType "swiss"]
[EventCountry "SRB"]
[SourceTitle "playchess.com"]
[Source "ChessBase"]
[SourceQuality "1"]
[TimeControl "40/5400+30:900+30"]

1. e4 g6 2. d4 Bg7 3. Nf3 d6 4. Be2 Nf6 5. Nbd2 O-O 6. O-O c5 7. c3 cxd4 8. cxd4 Nc6 9. Re1 Bg4 10. d5 Nb4 11. a3 Na6 12. Bxa6 bxa6 13. h3 Bd7 14. Nf1 Rc8 15. Bd2 Ne8 16. e5 dxe5 17. Nxe5 Bb5 18. Bc3 Nf6 19. a4 Bxf1 20. Nc6 Rxc6 21. dxc6 Bd3 22. Re3 Bf5 23. Qxd8 Rxd8 24. c7 Rc8 25. Rd1 Ne8 26. Rd8 Bf8 27. Be5 Rxc7 28. Bxc7 Nxc7 29. Rxe7 Ne6 30. Rb8 Kg7 31. Rxa7 Nc5 32. a5 Bd3 33. b4 Ne4 34. Rd7 Be2 35. f3 Nf6 36. Rd2 Bc4 37. Rc2 Be6 38. b5 axb5 39. a6 b4 40. a7 b3 41. Rc6 1-0

[Event "Vojvodina Open 2024-A 2024"]
[Site "Novi Sad"]
[Date "2024.06.26"]
[Round "3.14"]
[White "Sahbudak, Baris Cinar"]
[Black "Popchev, Milko"]
[Result "0-1"]
[ECO "B23"]
[WhiteElo "1941"]
[BlackElo "2159"]
[Annotator "RC"]
[PlyCount "172"]
[EventDate "2024.06.03"]
[EventType "swiss"]
[EventCountry "SRB"]
[SourceTitle "playchess.com"]
[Source "ChessBase"]
[SourceQuality "1"]
[TimeControl "40/5400+30:900+30"]

1. e4 c5 2. Nc3 Nc6 3. f4 e6 4. Nf3 d5 5. exd5 exd5 6. Bb5 Nge7 7. Qe2 Qd6 8. Ne5 g6 9. Bxc6+ bxc6 10. d3 Bg7 11. O-O O-O 12. Na4 Nf5 13. Qf2 c4 14. d4 f6 15. Nf3 Re8 16. b3 Bf8 17. g4 Ng7 18. h3 h5 19. Nh4 f5 20. gxh5 Nxh5 21. Qg2 Bg7 22. c3 cxb3 23. axb3 Ba6 24. Rf2 Bd3 25. Nc5 Be4 26. Qxg6 Qxg6+ 27. Nxg6 Kh7 28. Ne5 Bh6 29. Nf7 a5 30. Ng5+ Kg6 31. Ngxe4 dxe4 32. Be3 Kf7 33. Kh2 Rg8 34. Nd7 Rg3 35. Ne5+ Ke6 36. Nc4 Rxe3 37. Nxe3 Bxf4+ 38. Rxf4 Nxf4 39. Rf1 Nd5 40. Nxf5 Nxc3 41. Rc1 Kxf5 42. Rxc3 Kf4 43. Kg2 Rd8 44. Rxc6 Rxd4 45. Kf2 Rd2+ 46. Ke1 Rb2 47. Rc3 Rh2 48. Kf1 e3 49. Rc8 Rxh3 50. Ke2 Rh2+ 51. Ke1 Kf3 52. Rf8+ Ke4 53. Re8+ Kd3 54. Rd8+ Kc3 55. Rb8 Ra2 56. Rb7 Ra3 57. Rb5 Ra2 58. Rb7 Rg2 59. Rb5 Ra2 60. Rb7 Kd4 61. Rd7+ Kc5 62. Rb7 Rb2 63. Rb8 Kc6 64. Ra8 Kb6 65. Rb8+ Kc5 66. Kd1 Rh2 67. Ke1 Rh5 68. Ke2 Re5 69. Rc8+ Kb4 70. Rb8+ Kc3 71. Rb7 Kc2 72. Rb8 Rd5 73. Kxe3 Rd3+ 74. Ke2 Rxb3 75. Ra8 Rb5 76. Rc8+ Kb2 77. Kd3 Rb3+ 78. Kd2 a4 79. Rc2+ Kb1 80. Rc1+ Ka2 81. Rc2+ Rb2 82. Kc3 a3 83. Rc1 Rb1 84. Rc2+ Ka1 85. Rh2 Rb2 86. Rc2 Kb1 0-1

[Event "Vojvodina Open 2024-A 2024"]
[Site "Novi Sad"]
[Date "2024.06.26"]
[Round "3.15"]
[White "Mijic, Sara"]
[Black "Prieb, Robert"]
[Result "1/2-1/2"]
[ECO "B92"]
[WhiteElo "1920"]
[BlackElo "2137"]
[Annotator "RC"]
[PlyCount "57"]
[EventDate "2024.06.03"]
[EventType "swiss"]
[EventCountry "SRB"]
[SourceTitle "playchess.com"]
[Source "ChessBase"]
[SourceQuality "1"]
[TimeControl "40/5400+30:900+30"]

1. e4 c5 2. Nf3 d6 3. d4 cxd4 4. Nxd4 Nf6 5. Nc3 a6 6. Be3 e5 7. Nb3 Be6 8. Be2 Be7 9. f3 O-O 10. O-O Nbd7 11. Qd2 b5 12. Rfc1 Rc8 13. Kh1 h6 14. Nd5 Bxd5 15. exd5 Nb6 16. Bxb6 Qxb6 17. c4 bxc4 18. Bxc4 Nd7 19. Qa5 Bg5 20. Rc2 Rc7 21. Qe1 Nf6 22. Rd1 Rfc8 23. Na5 e4 24. Nc6 exf3 25. gxf3 Nh5 26. Qf2 Be3 27. Qh4 Nf6 28. Rg2 Bg5 29. Qf2 1/2-1/2

[Event "Vojvodina Open 2024-A 2024"]
[Site "Novi Sad"]
[Date "2024.06.26"]
[Round "3.16"]
[White "Anakok, Deniz"]
[Black "Pasa, Ahmet"]
[Result "1/2-1/2"]
[ECO "C54"]
[WhiteElo "1819"]
[BlackElo "2056"]
[Annotator "RC"]
[PlyCount "53"]
[EventDate "2024.06.03"]
[EventType "swiss"]
[EventCountry "SRB"]
[SourceTitle "playchess.com"]
[Source "ChessBase"]
[SourceQuality "1"]
[TimeControl "40/5400+30:900+30"]

1. e4 e5 2. Nf3 Nc6 3. Bc4 Bc5 4. d3 Nf6 5. O-O O-O 6. c3 d5 7. exd5 Nxd5 8. b4 Be7 9. Re1 Bg4 10. h3 Bh5 11. b5 Na5 12. Rxe5 Nxc4 13. dxc4 Bxf3 14. Qxf3 Nb6 15. c5 Nd7 16. Rd5 Bxc5 17. Qg4 f5 18. Qd1 Bd6 19. Ba3 Nb6 20. Bxd6 Nxd5 21. Bxf8 Kxf8 22. Qf3 Nf6 23. Na3 Qd5 24. Qe3 a6 25. c4 Qd6 26. bxa6 bxa6 27. Qf3 1/2-1/2